 Dungeon Crawl Stone Soup version 0.14-a0-1837-g7fb8695 (webtiles) character file.

74 M4edhros the Vexing (level 3, 0/23 HPs)
             Began as an Octopode Arcane Marksman on Jan 10, 2014.
             Killed from afar by Sigmund (9 damage)
             ... with a magic dart
             ... on Level 3 of the Dungeon.
             The game lasted 00:01:34 (1048 turns).

M4edhros the Vexing (Octopode Arcane Marksman)      Turns: 1048, Time: 00:01:34

HP   0/23        AC  1     Str 12      XL: 3   Next: 60%
MP   6/6         EV 12     Int 16      God:
Gold 30          SH  0     Dex 11      Spells:  1 memorised,  5 levels left

rFire  . . .     SeeInvis .     q - +0 sling
rCold  . . .     Clarity  .     (no shield)
rNeg   . . .     Conserve .     (helmet restricted)
rPois  .         rCorr    .     (no amulet)
rElec  .         rRot     .     j - +2 ring of strength
SustAb . .       Spirit   .     (no ring)
rMut   .         Warding  .     (no ring)
Saprov . . .     Stasis   .     (no ring)
                                (no ring)
                                (no ring)
                                (no ring)
                                (no ring)

@: not resistant to hostile enchantments, fairly stealthy
A: almost no armour, amphibious, 8 rings, constrict 8, camouflage 1, gelatinous
body 1
a: no special abilities


You were on level 3 of the Dungeon.
You were not hungry.

You visited 1 branch of the dungeon, and saw 3 of its levels.

You collected 30 gold pieces.

Inventory:

Hand weapons
 b - a +0,+0 sling
 q - a +0,+0 sling (weapon)
Missiles
 c - 11 sling bullets (quivered)
 p - 22 stones
Comestibles
 f - a bread ration
 g - a choko
 i - 3 pears
Scrolls
 k - 2 scrolls of identify {unknown}
 m - a scroll of random uselessness {unknown}
 n - a scroll of remove curse {unknown}
 o - a scroll of curse weapon {unknown}
 r - a scroll of teleportation {unknown}
Jewellery
 j - a +2 ring of strength (left tentacle)
Potions
 e - 2 potions of brilliance {unknown}
 h - a potion of lignification {unknown}
Books
 d - a book of Debilitation

   Spells                             Type                      Level
   *Corona                            Hexes                        1
   Slow                               Hexes                        2
   Inner Flame                        Hexes/Fire                   3
   Enslavement                        Hexes                        4
   Cause Fear                         Hexes                        4
   Leda's Liquefaction                Hexes/Earth                  4


   Skills:
 - Level 1.0 Fighting
 + Level 2.4 Slings
 + Level 2.3 Dodging
 * Level 2.4 Spellcasting
 + Level 3.1 Hexes


You had 5 spell levels left.
You knew the following spells:

 Your Spells              Type           Power        Failure   Level  Hunger
a - Corona                Hex            ##.....      8%          1    #......


Dungeon Overview and Level Annotations

Branches:
Dungeon (3/16)

Altars:
Cheibriados

Annotations:
D:3 Sigmund


Innate Abilities, Weirdness & Mutations

You cannot wear most types of armour.
You are amphibious.
You can wear up to eight rings at the same time.
You can use your tentacles to constrict many enemies at once.
Your skin changes colour to match your surroundings (Stlth).
Your rubbery body absorbs attacks (AC +1).


Message History

Sigmund flickers and vanishes!
Deactivating autopickup; reactivate with Ctrl-A.
Something hits you but does no damage.
No target in view!
The puff of flame hits you!
Your scroll labeled UZUOCV IDOYMI catches fire!
No target in view!
The magic dart hits you!
Drink which item? (? for menu, Esc to quit)
Okay, then.
The magic dart hits you!
* * * LOW HITPOINT WARNING * * *
Drink which item? (? for menu, Esc to quit)
You feel better.
It was a potion of curing.
Drink which item? (? for menu, Esc to quit)
You feel better. The magic dart hits you! The puff of flame hits you!
There is a snail-covered altar of Cheibriados here.
The magic dart hits you!
You die...

.<.%.%...........#......#
##########.#####.#......#
#######.#####.#......#
......................#
#######.#####.#......#
#.# #.#......# #.#
#.#......# #.# #.#......#
#)# #@##>##### ... #.##.#
... #.##.# . #.##.#
#_##.# #.##.# #.##.#
#.##.# #.##.#


There were no monsters in sight!

Vanquished Creatures
  An adder (D:3)
  5 giant geckos
  A giant cockroach (D:1)
  3 hobgoblins (D:2)
  5 kobolds
  A ball python (D:3)
  4 bats
  4 giant newts
  5 goblins
  2 rats
31 creatures vanquished.

Notes
Turn   | Place    | Note
--------------------------------------------------------------
     0 | D:1      | M4edhros, the Octopode Arcane Marksman, began the quest for the Orb.
     0 | D:1      | Reached XP level 1. HP: 13/13 MP: 2/2
   222 | D:1      | Reached XP level 2. HP: 16/18 MP: 3/3
   794 | D:2      | Reached XP level 3. HP: 23/23 MP: 6/6
   998 | D:3      | Found a snail-covered altar of Cheibriados.
  1029 | D:3      | Noticed Sigmund
  1048 | D:3      | Killed from afar by Sigmund

Action                   || total
-------------------------++-------
 Fire: Sling             ||    76
  Use: Potion            ||     2
